 Dungeon Crawl Stone Soup version 0.29-a0-581-ge9a90b782e (webtiles) character file.

Game seed: 4715804876584717077

105 Nedwor the Skirmisher (level 4, -6/29 HPs)
             Began as a Gargoyle Fighter on June 14, 2022.
             Killed by divine providence
             ... invoked by an orc priest
              (10 damage)
             ... on level 3 of the Dungeon.
             The game lasted 00:04:26 (2681 turns).

Nedwor the Skirmisher (Gargoyle Fighter)            Turns: 2681, Time: 00:04:27

Health: -6/29      AC: 11    Str: 22    XL:     4   Next: 81%
Magic:  4/4        EV:  9    Int:  8    God:
Gold:   129        SH:  4    Dex:  9    Spells: 3/3 levels left

rFire   . . .      SeeInvis .   f - staff of earth
rCold   + . .      Faith    .   c - +0 buckler
rNeg    + . .      Spirit   .   b - +0 scale mail
rPois   ∞          Reflect  .   (no helmet)
rElec   +          Harm     .   (no cloak)
rCorr   .          Rampage  .   (no gloves)
Will    .....                   j - +0 pair of boots
Stlth   ..........              (no amulet)
HPRegen 0.09/turn               h - ring of protection from cold
MPRegen 0.09/turn               (no ring)

@: no status effects
A: sickness immunity, AC +3, negative energy resistance 1, electricity
resistance, torment resistance 1, petrification resistance
a: no special abilities


You were on level 3 of the Dungeon.
You visited 1 branch of the dungeon, and saw 3 of its levels.

You collected 129 gold pieces.

Inventory:

Hand Weapons
 a - a +0 flail
Armour
 b - a +0 scale mail (worn)
 c - a +0 buckler (worn)
 j - a +0 pair of boots (worn)
Magical Staves
 f - a staff of earth (weapon)
Jewellery
 h - a ring of protection from cold (left hand)
Scrolls
 d - a scroll of enchant armour {unknown}
 g - a scroll of magic mapping {unknown}
 k - 8 scrolls of identify {unknown}
 l - a scroll of vulnerability {unknown}
 m - 2 scrolls of poison {unknown}
 o - a scroll of torment {unknown}
 p - a scroll of immolation {unknown}
Potions
 e - a potion of degeneration {unknown}
 i - a potion of invisibility {unknown}
 n - a potion of attraction {unknown}


   Skills:
 + Level 3.8 Fighting
 - Level 2.0(2.4) Maces & Flails
 * Level 1.7(2.2) Staves
 + Level 3.7 Armour
 + Level 3.8 Shields
 + Level 1.8 Earth Magic
 + Level 1.2 Evocations


You had 3 spell levels left.
You didn't know any spells.
Your spell library contained the following spells:

 Spells                   Type           Power      Damage    Failure   Level
 Summon Small Mammal      Summ           0%         N/A       82%         1
 Call Canine Familiar     Summ           0%         N/A       99%         3
 Summon Guardian Golem    Hex/Summ       0%         N/A       99%         3


Dungeon Overview and Level Annotations

Branches:
Dungeon (3/15)

Altars:

Shops:
D:1 [


Innate Abilities, Weirdness & Mutations

You are immune to sickness and miasma.
Your stone body is resilient. (AC +3)
You are immune to poison.
You resist negative energy. (rN+)
You are resistant to electric shocks. (rElec)
You are resistant to unholy torment.
You are immune to petrification.


Message History

You barely miss the orc.
The orc hits you with a +0 mace of protection.
The orc wizard gestures wildly while chanting.
The orc wizard flickers and vanishes!
Deactivating autopickup; reactivate with Ctrl-A.
The orc attacks as you move away! The orc hits you but does no damage.
An orc priest comes into view. It is wielding a +0 dagger.
The orc priest shouts!
The ball python barely misses you. You block the ball python's attack.
The orc attacks as you move away! The orc hits you with a +0 club.
The orc priest invokes the aid of Beogh against you.
Beogh smites you! You block the ball python's attack.
The ball python grabs you. The ball python constricts you.
Things that are here:
a +0 flail; an orc corpse You escape the ball python's grasp.
The ball python attacks as you move away!
The ball python bites you but does no damage.
The ball python attacks as you move away!
The ball python bites you but does no damage.
The orc attacks as you move away! You block the orc's attack.
The orc priest looks satisfied for a moment.
You hit the orc but do no damage.
The orc hits you with a +0 mace of protection.
* * * LOW HITPOINT WARNING * * *
The orc priest looks braver for a moment.
You block the orc's attack. The orc barely misses you.
You closely miss the orc. The orc hits you but does no damage.
The orc closely misses you.
You closely miss the orc. You block the orc's attack.
The orc hits you but does no damage.
You barely miss the orc. You block the orc's attack.
The orc hits you but does no damage.
You hit the orc but do no damage.
The orc hits you with a +0 mace of protection.
* * * LOW HITPOINT WARNING * * *
The orc barely misses you.
The orc priest calls down the wrath of Beogh upon you.
Beogh smites you!
You die...

##.#.#.# # #.#.#.# #.##
#.#.#.# ..... #.#.#.#
.....#### #(..).#
.......# ##.#.#.##
#.#.##..## #.......#
........{#####.#.#.##
...?....5So@......#######
#.#.#...o#o.............#
#. ##..##..##.##########
#####).##.# ....##.#
###.###.# #.# #.. #.# ###
#.#


You could see an orc priest, a white imp, 2 orcs and a ball python.

Vanquished Creatures
  An orc wizard (D:3)
  2 adders
  A worm (D:2)
  3 orcs (D:3)
  2 bats (D:1)
  5 endoplasms
  5 giant cockroaches
  6 goblins
  4 hobgoblins
  2 jackals (D:1)
  3 quokkas
  3 ball pythons
  5 frilled lizards
  5 kobolds
  6 rats
53 creatures vanquished.

Notes
Turn   | Place    | Note
-------+----------+-------------------------------------------
     0 | D:1      | Nedwor the Gargoyle Fighter began the quest for the Orb.
     0 | D:1      | Reached XP level 1. HP: 14/14 MP: 1/1
   293 | D:1      | Reached XP level 2. HP: 14/19 MP: 2/2
   633 | D:1      | Found Tasus's Antique Armour Shoppe.
   957 | D:1      | Reached skill level 1 in Earth Magic
   973 | D:1      | Found a faded altar of an unknown god.
  1073 | D:1      | Reached XP level 3. HP: 23/23 MP: 3/3
  1633 | D:2      | Reached skill level 1 in Staves
  2438 | D:3      | Reached XP level 4. HP: 29/29 MP: 4/4
  2516 | D:3      | Reached skill level 1 in Evocations
  2681 | D:3      | Killed from afar by an orc priest

Illustrated notes

Levels and vault maps discovered:
D:1:      shiori_shiawase, layout_loops_corners, basic_ecumenical_altar,
          serial_shops, nicolae_shop_overgrown_old_shop
D:2:      layout_loops_ring, minmay_cupped
D:3:      layout_loops_ring, serial_shops, nicolae_shop_behind_doors,
          uniq_crazy_yiuf_cottage

Skill      XL: |  1  2  3  4 |
---------------+-------------+-----
Earth Magic    | 1 |  1.8
Staves         | 1 |  1.7
Evocations     | 1 |  1.2
Fighting       | |  3.8
Maces & Flails | |  2.0
Armour         | |  3.7
Shields        | |  3.8

Action                   |  1- 3 |  4- 6 || total
-------------------------+-------+-------++-------
Melee: Staff             |   192 |    58 ||   250
       Flail             |     4 |       ||     4
  Use: Scroll            |     1 |       ||     1
       Potion            |       |     1 ||     1
Armor: Scale mail        |   105 |    34 ||   139
Dodge: Dodged            |    68 |    19 ||    87
Block: Buckler           |    30 |    17 ||    47

Table legend: (Time is in decaauts)
 A = Elapsed time spent in this place.
 B = Non-inter-level travel time spent in this place.
 C = Inter-level travel time spent in this place.
 D = Time resting spent in this place.
 E = Time spent auto-exploring this place.
 F = Levels seen in this place.
 G = Mean time per level.
                   A        B        C        D        E       F      G
               +--------+--------+--------+--------+--------+-----+--------+
         Total |   2719 |   2623 |     96 |    217 |   1888 |   3 |  906.3 |
       Dungeon |   2719 |   2623 |     96 |    217 |   1888 |   3 |  906.3 |
               +--------+--------+--------+--------+--------+-----+--------+

Top non-repeatable levels by time:
     D:1: 1422 daAuts
     D:2: 1040 daAuts
     D:3: 257 daAuts
